AoeStats
← bone app the teeth

MegaRandom

508351987Analyzed
3v3 RM · 11d ago on Sep 22, 2026· 50m 6s· 6 players
Game mode
Random Map
Map size
Normal (6 player)
Population
200
Speed
Normal
Resources
Standard
Victory
Conquest
Starting age
Dark Age
Ending age
Imperial Age
RankedLock teamsTeams togetherTeam positionsShared explorationLock speedFull tech treeHidden civsTurbo modeCheats
Victory
Defeat
🇺🇸 Dravidians · United States
1035
+14
🇵🇹 Italians · Portugal
1026
+14
🇨🇱 Lithuanians · Chile
1023
+15
🇺🇸 Malay · United States
1013
-15
🇺🇸 Turks · United States
1011
-15
🇺🇸 Persians · United States
955
-13
CHiCo
8:42 Loom
10:30 Feudal Age
11:57 Double-Bit Axe
15:31 Fletching
17:26 Wheelbarrow
21:36 Castle Age
21:29 Padded Archer Armor
22:24 Horse Collar
22:11 Crossbowman
23:31 Bodkin Arrow
27:24 Ballistics
30:54 Hand Cart
30:25 Town Watch
32:11 Bloodlines
31:21 Light Cavalry
32:02 Husbandry
32:33 Masonry
32:42 Leather Archer Armor
33:13 Heavy Plow
33:25 Scale Barding Armor
33:30 Forging
39:11 Imperial Age
38:23 Town Patrol
41:15 Chemistry
40:18 Bracer
40:39 Chain Barding Armor
40:50 Ring Archer Armor
40:56 Iron Casting
40:09 Elite Genoese Crossbowman
42:19 Conscription
42:59 Bow Saw
43:17 Murder Holes
43:53 Architecture
43:00 Hussar
45:13 Plate Barding Armor
45:39 Blast Furnace
46:46 Pirotechnia
47:12 Hoardings
47:36 Caravan
Level 2 Slime
9:06 Loom
11:25 Feudal Age
16:07 Castle Age
14:27 Double-Bit Axe
14:44 Horse Collar
17:07 Bow Saw
16:59 Heavy Plow
20:37 Wheelbarrow
24:06 Hand Cart
29:01 Gold Mining
29:01 Stone Mining
29:17 Husbandry
29:22 Padded Archer Armor
29:13 Fletching
32:02 Imperial Age
30:42 Ballistics
31:11 Leather Archer Armor
30:51 Bodkin Arrow
31:31 Medical Corps
31:21 Town Watch
31:29 Town Watch
32:19 Thumb Ring
34:09 Two-Man Saw
33:24 Elite Elephant Archer
34:46 Ring Archer Armor
35:20 Conscription
36:20 Bracer
37:08 Scale Barding Armor
37:14 Forging
38:32 Chemistry
37:43 Masonry
37:29 Murder Holes
39:37 Wootz Steel
45:25 Iron Casting
44:51 Scale Mail Armor
44:39 Arson
44:40 Gambesons
44:55 Squires
44:19 Light Cavalry
Aagler
11:35 Feudal Age
12:53 Loom
15:49 Castle Age
13:42 Double-Bit Axe
15:55 Horse Collar
16:11 Gold Mining
16:21 Town Watch
18:15 Fervor
19:49 Forging
22:37 Wheelbarrow
22:27 Scale Barding Armor
25:04 Bow Saw
24:55 Heavy Plow
26:27 Husbandry
26:49 Chain Barding Armor
28:32 Bloodlines
28:58 Iron Casting
30:05 Hand Cart
32:33 Fletching
35:16 Imperial Age
33:11 Light Cavalry
33:49 Bodkin Arrow
33:57 Padded Archer Armor
35:37 Masonry
35:23 Treadmill Crane
36:37 Winged Hussar
37:47 Capped Ram
39:49 Cavalier
41:06 Plate Barding Armor
42:50 Chemistry
42:51 Heavy Cavalry Archer
43:33 Bracer
43:57 Conscription
43:59 Leather Archer Armor
45:37 Paladin
47:13 Ballistics
51:06 Ring Archer Armor
Aluerad
0:49 Loom
12:58 Feudal Age
13:46 Double-Bit Axe
14:05 Horse Collar
21:05 Castle Age
19:25 Bloodlines
20:09 Padded Archer Armor
20:21 Forging
20:30 Scale Barding Armor
23:39 Husbandry
26:57 Bow Saw
27:07 Heavy Plow
33:14 Wheelbarrow
33:52 Iron Casting
33:59 Chain Barding Armor
34:03 Gold Mining
34:59 Hand Cart
39:40 Imperial Age
37:01 Town Watch
37:40 Leather Archer Armor
39:43 Heavy Camel Rider
41:02 Plate Barding Armor
41:34 Blast Furnace
41:13 Conscription
42:18 Fletching
44:18 Bodkin Arrow
45:48 Bracer
bone app the teeth
7:58 Loom
11:44 Feudal Age
11:22 Double-Bit Axe
11:18 Horse Collar
16:25 Fletching
19:34 Castle Age
19:23 Scale Barding Armor
26:05 Wheelbarrow
30:56 Husbandry
31:38 Gold Mining
31:38 Stone Mining
33:05 Forging
36:04 Heavy Plow
36:24 Bow Saw
35:47 Elite Skirmisher
43:02 Imperial Age
40:37 Padded Archer Armor
41:30 Bodkin Arrow
42:11 Iron Casting
41:46 Town Watch
42:26 Ballistics
42:42 Bracer
43:18 Conscription
42:46 Man-at-Arms
43:57 Squires
45:47 Blast Furnace
45:30 Leather Archer Armor
44:56 Long Swordsman
46:05 Two-Handed Swordsman
Onea Usix
5:31 Loom
11:48 Feudal Age
13:57 Scale Barding Armor
14:03 Forging
16:54 Bloodlines
18:22 Wheelbarrow
23:43 Castle Age
22:50 Stone Mining
22:47 Double-Bit Axe
22:49 Horse Collar
24:20 Husbandry
25:57 Chain Barding Armor
26:19 Iron Casting
28:57 Bow Saw
28:57 Heavy Plow
28:57 Gold Mining
33:31 Hand Cart
38:24 Imperial Age
38:34 Gold Shaft Mining
39:20 Plate Barding Armor
39:53 Two-Man Saw
39:46 Crop Rotation
40:12 Conscription
39:36 Cavalier
44:24 Savar
Connection lost

Rejoining the realm…

Still unreachable

The connection could not be restored.

Session expired

The server has moved on; the page needs a fresh start.